 Dungeon Crawl Stone Soup version 0.27.1-2-g3b301248ec (webtiles) character file.

Game seed: 14312018724711969672

4802 ABBCCCDDDD the Fighter (level 10, -1/69 (72) HPs)
             Began as an Octopode Abyssal Knight on Sept 27, 2021.
             Was a Priest of Lugonu.
             Slain by Harold (17 damage)
             ... on level 8 of the Dungeon.
             The game lasted 00:17:44 (11742 turns).

ABBCCCDDDD the Fighter (Octopode Abyssal Knight)   Turns: 11742, Time: 00:17:45

HP:   -1/69 (72)    AC:  1    Str: 12    XL:     10   Next: 48%
MP:   0/16          EV: 17    Int: 17    God:    Lugonu [***...]
Gold: 130           SH:  0    Dex: 14    Spells: 6/17 levels left

rFire    + . .     SeeInvis .   l - +2 short sword (venom)
rCold    + . .     Faith    .   (no shield)
rNeg     + . .     Spirit   +   (helmet restricted)
rPois    +         Reflect  .   G - amulet of guardian spirit
rElec    .         Harm     .   v - ring of protection from cold
rCorr    +         Rampage  .   A - +4 ring of evasion
Will     +....                  B - ring of willpower
Stlth    ++++......             E - ring of flight
HPRegen  0.21/turn              H - ring of poison resistance
MPRegen  0.15/turn              M - ring "Qucoufei" {Drain rF+ rN+ rCorr Dex+2}
                                (no ring)
                                (no ring)

@: marked, flying, lightly drained
A: almost no armour, amphibious, 8 rings, camouflage 1, gelatinous body 1,
(nimble swimmer 1), tentacles
a: Renounce Religion, Depart the Abyss, Bend Space, Banish


You were on level 8 of the Dungeon.
You worshipped Lugonu.
Lugonu was most pleased with you.
You visited 1 branch of the dungeon, and saw 8 of its levels.
You visited the Abyss 1 time.

You collected 410 gold pieces.
You spent 280 gold pieces at shops.

Inventory:

Hand Weapons
 a - a +1 falchion
 l - a +2 short sword of venom (weapon)
 D - the +4 war axe "Mikor" {venom, rElec Stlth+}
   (You took it off a kobold brigand on level 8 of the Dungeon)

   It poisons the flesh of those it strikes.
   rElec:     It insulates you from electricity.
   Stlth:     It makes you more stealthy.
 O - a +5 short sword
Missiles
 f - 7 datura-tipped darts
 i - 4 curare-tipped darts (quivered)
 C - 13 poisoned darts
 F - a throwing net
Armour
 I - a +0 kite shield
 J - a +2 kite shield
 N - a +0 buckler
Jewellery
 v - a ring of protection from cold (left tentacle)
 x - a ring of ice
 A - a +4 ring of evasion (right tentacle)
 B - a ring of willpower (on tentacle)
 E - a ring of flight (on tentacle)
 G - an amulet of guardian spirit (around mantle)
 H - a ring of poison resistance (on tentacle)
 M - the ring "Qucoufei" (on tentacle) {Drain rF+ rN+ rCorr Dex+2}
   (You bought it in a shop on level 8 of the Dungeon)

   [ring of protection from fire]

   Dex:       It affects your dexterity (+2).
   rF:        It protects you from fire.
   rN:        It protects you from negative energy.
   rCorr:     It protects you from acid and corrosion.
   Drain:     It drains your maximum health when unequipped.
Wands
 n - a wand of polymorph (12)
 K - a wand of paralysis (7)
Scrolls
 c - 4 scrolls of amnesia
 h - a scroll of vulnerability {unknown}
 j - a scroll of silence {unknown}
 k - a scroll of enchant weapon
 m - a scroll of noise
 o - a scroll of enchant armour {unknown}
 p - a scroll of fog {unknown}
 q - 2 scrolls of magic mapping {unknown}
 r - a scroll of blinking {unknown}
 w - a scroll of holy word {unknown}
 y - 5 scrolls of identify {unknown}
 z - 4 scrolls of teleportation
Potions
 b - a potion of flight
 d - 4 potions of haste {unknown}
 e - a potion of attraction {unknown}
 g - a potion of resistance {unknown}
 s - a potion of brilliance {unknown}
 t - a potion of heal wounds
 L - a potion of mutation {unknown}


   Skills:
 - Level 8.0 Fighting
 - Level 3.6 Long Blades
 - Level 2.3 Dodging
 - Level 5.0 Stealth
 * Level 0.8 Shields
 + Level 4.1 Spellcasting
 + Level 6.5 Conjurations
 + Level 1.5 Fire Magic
 - Level 4.0 Air Magic
 + Level 6.2 Earth Magic
 - Level 5.0 Poison Magic
 - Level 2.0 Invocations
 + Level 1.0 Evocations


You had 6 spell levels left.
You knew the following spells:

 Your Spells              Type           Power      Damage    Failure   Level
a - Mephitic Cloud        Conj/Pois/Air  21%        N/A       5%          3
b - Stone Arrow           Conj/Erth      50%        3d10      3%          3
c - Bolt of Magma         Conj/Fire/Erth 9%         4d7       52%         5

Your spell library contained the following spells:

 Spells                   Type           Power      Damage    Failure   Level
 Sting                    Tmut/Pois      48%        1d5       5%          1
 Dazzling Flash           Conj/Hex       28%        N/A       12%         3
 Ignite Poison            Fire/Tmut/Pois 10%        N/A       19%         3
 Iskenderun's Mystic Bla  Conj/Tloc      14%        2d5       38%         4
 Passage of Golubria      Tloc           N/A        N/A       83%         4
 Summon Ice Beast         Ice/Summ       3%         N/A       83%         4
 Silence                  Hex/Air        5%         N/A       88%         5
 Conjure Ball Lightning   Conj/Air       10%        3x3d6     95%         6
 Summon Mana Viper        Hex/Summ       3%         N/A       99%         5
 Starburst                Conj/Fire      8%         6d4       99%         6
 Monstrous Menagerie      Summ           1%         N/A       100%        7
 Lehudib's Crystal Spear  Conj/Erth      12%        10d4      100%        8
 Shatter                  Erth           12%        3d13*     100%        9


Dungeon Overview and Level Annotations

Branches:
Dungeon (8/15)             Temple (0/1) D:7
   Lair: D:8-11

Altars:
Cheibriados
Elyvilon
Gozag
Okawaru
Trog
Uskayaw
The Shining One

Shops:
D:5 !   D:8 *

Annotations:
D:5 Menkaure
D:6 Blork the orc
D:7 Maggie
D:8 Harold


Innate Abilities, Weirdness & Mutations

You cannot wear most types of armour.
You are amphibious.
You can wear up to eight rings at the same time.
Your skin changes colour to match your surroundings (Stealth+).
Your rubbery body absorbs attacks. (AC +1, EV +1)
((You are camouflaged near water. (Stealth+)))
You have tentacles for arms and can constrict up to eight enemies at once.


Message History

The wight hits you with a +0 falchion. The wight hits you but does no damage.
Harold hits you but does no damage.
You completely miss Harold.
Harold is heavily wounded.
The wight completely misses you. The wight hits you but does no damage.
Harold hits you but does no damage.
You hit Harold but do no damage.
Harold looks as sick as possible!
Harold is heavily wounded.
The wight hits you but does no damage. x2; Harold hits you but does no damage.
You hit Harold.
Harold looks as sick as possible!
Harold is severely wounded.
The wight hits you but does no damage. The wight hits you with a +0 mace.
Harold hits you but does no damage.
You hit Harold but do no damage.
Harold looks as sick as possible!
Harold is severely wounded.
The wight hits you but does no damage. The wight hits you with a +0 mace!
Harold hits you but does no damage.
You hit Harold but do no damage.
Harold looks as sick as possible!
Harold is severely wounded.
The wight hits you but does no damage. x2
Harold points at you and mumbles some strange words.
You barely resist. You hit Harold.
Harold is severely wounded.
The wight hits you but does no damage. x2; Harold hits you but does no damage.
You hit Harold.
Harold looks as sick as possible!
Harold is almost dead.
The wight hits you but does no damage. x2; Harold hits you with a +0 trident.
You barely miss Harold.
Harold is almost dead.
The wight hits you but does no damage. x2
Harold points at you and mumbles some strange words.
The mark upon you grows brighter.
You hit Harold.
Harold is almost dead.
You feel less wooden. The wight closely misses you.
The wight hits you with a +0 mace!
* * * LOW HITPOINT WARNING * * *
Harold hits you with a +0 trident!!
You die...

#.# #.. ........#
#.###.#. ##
#.#.....# #.# ###†
#.#.....# #.####.#
#.#.....###.....##
#.#............##
#.#.#..#####.##.##
# #z#.#..# #.###.#
##.#@#.#..# #.#
##. ###..z@#.#..#
#.# #.
......z...#..# #.#
#.
####...)........
..> ..
##........### #.#
## ########.# .# #


You could see Harold (extremely poisoned) and 3 wights.

Levels and vault maps discovered:
D:1:      dpeg_arrival_simpleton_b, layout_loops_cross,
          shapermc_ecumenical_altar_ellora
D:2:      layout_rooms
D:3:      layout_loops_ring, mainiacjoe_overflow_concentric_impassable,
          trog_three_pillars_becter, mainiacjoe_overflow_small_starburst
D:4:      layout_rooms, amethyst_overflow_temple_binary,
          corexii_leaking_fountain, minmay_between, uniq_purgy, uniq_eustachio
D:5:      layout_loops_ring, serial_shops, shop_fountains, nrook_pool_corridor,
          uniq_menkaure, uniq_pikel
D:6:      layout_basic, abandoned_shop, grunt_ministairs_4,
          hangedman_decor_riveting, minmay_fire_ice_demons, uniq_edmund,
          uniq_blork_the_orc
D:7:      layout_gridville, mainiacjoe_overflow_cross_hatched,
          minmay_temple_entry_junction, uniq_duvessa, uniq_maggie
D:8:      layout_loops_ring, mainiacjoe_overflow_catwalk, serial_shops, shop,
          uniq_harold

Notes
Turn   | Place    | Note
-------+----------+-------------------------------------------
     0 | Abyss:1  | ABBCCCDDDD the Octopode Abyssal Knight began the quest for
                  | the Orb.
     0 | Abyss:1  | Reached XP level 1. HP: 16/16 MP: 2/2
    30 | Abyss:2  | Found a corrupted altar of Lugonu.
    98 | Abyss:2  | Noticed an ancient zyme
   103 | Abyss:2  | Noticed a sky beast
   118 | Abyss:2  | Noticed a large abomination
   129 | D:1      | Escaped the Abyss
   249 | D:1      | Reached * piety under Lugonu
   254 | D:1      | Reached XP level 2. HP: 15/21 MP: 3/3
   816 | D:1      | Reached XP level 3. HP: 19/26 MP: 4/4
  1108 | D:1      | Found a faded altar of an unknown god.
  1675 | D:2      | Reached ** piety under Lugonu
  1773 | D:2      | Reached XP level 4. HP: 30/33 MP: 5/5
  1784 | D:2      | Reached skill level 4 in Fighting
  2132 | D:3      | Noticed a necrophage
  2279 | D:3      | Found a glowing golden altar of the Shining One.
  2474 | D:3      | Reached skill level 1 in Spellcasting
  2474 | D:3      | Reached XP level 5. HP: 27/37 MP: 6/6
  2622 | D:3      | Found an opulent altar of Gozag.
  2788 | D:3      | Found a bloodstained altar of Trog.
  3095 | D:3      | Killed a necrophage
  3096 | D:3      | Reached XP level 6. HP: 28/44 MP: 7/9
  3526 | D:4      | Reached skill level 5 in Fighting
  3529 | D:4      | Noticed a black bear
  3537 | D:4      | Killed a black bear
  3586 | D:4      | Noticed Eustachio
  3598 | D:4      | Killed Eustachio
  3599 | D:4      | Reached skill level 6 in Fighting
  3599 | D:4      | Reached skill level 5 in Stealth
  3599 | D:4      | Reached XP level 7. HP: 16/52 MP: 10/10
  3825 | D:4      | Noticed Purgy
  3845 | D:4      | Found a white marble altar of Elyvilon.
  3845 | D:4      | Found an iron altar of Okawaru.
  4488 | D:4      | Reached *** piety under Lugonu
  4591 | D:5      | Entered Level 5 of the Dungeon
  4594 | D:5      | Noticed Menkaure
  4632 | D:5      | Reached skill level 7 in Fighting
  4665 | D:5      | Reached XP level 8. HP: 41/60 MP: 11/11
  4827 | D:5      | Learned a level 3 spell: Mephitic Cloud
  4845 | D:5      | Learned a level 3 spell: Stone Arrow
  5034 | D:4      | Reached skill level 1 in Poison Magic
  5188 | D:5      | Reached skill level 1 in Conjurations
  5188 | D:5      | Reached skill level 1 in Air Magic
  5188 | D:5      | Reached skill level 1 in Earth Magic
  5754 | D:5      | Found Potoni's Distillery.
  5762 | D:5      | Bought a potion of heal wounds for 65 gold pieces
  5762 | D:5      | Bought a potion of lignification for 39 gold pieces
  5762 | D:5      | Bought a potion of degeneration for 13 gold pieces
  5832 | D:5      | Noticed Pikel
  5914 | D:4      | Killed Purgy
  6216 | D:5      | Reached skill level 8 in Fighting
  7055 | D:6      | Reached XP level 9. HP: 39/66 MP: 12/12
  7585 | D:6      | Noticed Edmund
  7601 | D:6      | Killed Edmund
  8307 | D:5      | Killed Pikel
  8308 | D:5      | Reached skill level 5 in Poison Magic
  9196 | D:6      | Reached skill level 5 in Conjurations
  9265 | D:6      | Noticed Blork the orc
  9639 | D:7      | Noticed Duvessa
  9642 | D:7      | Noticed Dowan
  9652 | D:7      | Killed Duvessa
  9656 | D:7      | Killed Dowan
  9657 | D:7      | Reached skill level 5 in Earth Magic
  9778 | D:7      | Noticed a two-headed ogre
  9798 | D:7      | Killed a two-headed ogre
  9799 | D:7      | Reached XP level 10. HP: 72/72 MP: 4/15
  9949 | D:7      | Found a snail-covered altar of Cheibriados.
  9972 | D:7      | Got the Papyrus of Flying Toxins
 10006 | D:7      | Learned a level 5 spell: Bolt of Magma
 10067 | D:7      | Noticed Maggie
 10133 | D:7      | Found a staircase to the Ecumenical Temple.
 10313 | D:7      | Reached skill level 1 in Fire Magic
 10892 | D:8      | Found a hide-covered altar of Uskayaw.
 10905 | D:8      | Found Cupenoq's Assorted Antiques.
 10963 | D:8      | Bought 2 golden potions for 43 gold pieces
 10963 | D:8      | Bought a faintly glowing lapis lazuli ring for 120 gold
                  | pieces
 10963 | D:8      | Identified the ring "Qucoufei" {Drain rF+ rN+ rCorr Dex+2}
                  | (You bought it in a shop on level 8 of the Dungeon)
 11484 | D:8      | Reached skill level 1 in Evocations
 11520 | D:8      | Identified the +4 war axe "Mikor" {venom, rElec Stlth+}
 11715 | D:8      | Noticed Harold
 11742 | D:8      | Slain by Harold

Table legend: (Time is in decaauts)
 A = Elapsed time spent in this place.
 B = Non-inter-level travel time spent in this place.
 C = Inter-level travel time spent in this place.
 D = Time resting spent in this place.
 E = Time spent auto-exploring this place.
 F = Levels seen in this place.
 G = Mean time per level.
                   A        B        C        D        E       F      G
               +--------+--------+--------+--------+--------+-----+--------+
         Total |  11761 |  11322 |    439 |   3652 |   5453 |  10 | 1176.1 |
       Dungeon |  11632 |  11193 |    439 |   3652 |   5395 |   8 | 1454.0 |
         Abyss |    128 |    128 |      0 |      0 |     58 |   2 |   64.0 |
               +--------+--------+--------+--------+--------+-----+--------+

Top non-repeatable levels by time:
     D:4: 2420 daAuts
     D:6: 2082 daAuts
     D:5: 1825 daAuts
     D:7: 1219 daAuts
     D:3: 1202 daAuts
     D:1: 1198 daAuts
     D:8: 883 daAuts
     D:2: 799 daAuts
 Abyss:2: 98 daAuts
 Abyss:1: 30 daAuts

Table legend:
 A = Kills in this place as a percentage of kills in entire the game.
 B = Kills by you in this place as a percentage of kills by you in the entire game.
 C = Kills by friends in this place as a percentage of kills by friends in the entire game.
 D = Other kills in this place as a percentage of other kills in the entire game.
 E = Experience gained in this place as a percentage of experience gained in the entire game.
 F = Experience gained in this place divided by the number of levels of this place that you have seen.
                   A       B       C       D       E      F
               +-------+-------+-------+-------+-------+----------------------
         Total | 100.0 | 100.0 |   N/A |   N/A | 100.0 | 686.0
       Dungeon | 100.0 | 100.0 |   N/A |   N/A | 100.0 | 857.5
               +-------+-------+-------+-------+-------+----------------------

Action                   |  1- 3 |  4- 6 |  7- 9 | 10-12 || total
-------------------------+-------+-------+-------+-------++-------
Melee: Falchion          |    75 |    35 |       |       ||   110
       Tentacles         |    18 |    17 |    49 |    24 ||   108
       Constrict         |    22 |    22 |    39 |    25 ||   108
       Short sword       |       |    45 |   236 |   129 ||   410
Throw: Dart              |       |       |    13 |     1 ||    14
 Cast: Mephitic Cloud    |       |       |     2 |       ||     2
       Stone Arrow       |       |       |     1 |     3 ||     4
Invok: Depart the Abyss  |     1 |       |       |       ||     1
  Use: Scroll            |     2 |     3 |       |       ||     5
       Potion            |       |     3 |       |     2 ||     5
 Stab: Sleeping          |    12 |     4 |    12 |     5 ||    33
       Distracted        |       |     1 |     1 |       ||     2
       Confused          |       |       |     1 |       ||     1
Armor: Skin              |     5 |     1 |    19 |    39 ||    64
Dodge: Dodged            |    46 |    51 |   164 |    65 ||   326
       Rpst.: Falchion   |     9 |     8 |       |       ||    17

Vanquished Creatures
  A two-headed ogre (D:7)
  Pikel (D:5)
  A hornet (D:7)
  Eustachio (D:4)
  A steam dragon (D:6)
  Edmund (D:6)
  2 water moccasins
  Duvessa (D:7)
  An orc warrior (D:7)
  2 ice beasts
  3 sky beasts
  3 black bears
  Purgy (D:4)
  5 necrophages
  4 lemures
  A kobold brigand (D:8)
  A water moccasin zombie (D:5)
  3 scorpions
  Dowan (D:7)
  6 wights
  A crimson imp (D:6)
  A centaur skeleton (D:5)
  3 centaur zombies
  2 hounds
  2 jellies (D:6)
  3 iguanas
  9 orc wizards
  A hound skeleton (D:5)
  8 gnolls
  6 adders
  A shadow imp (D:7)
  2 white imps
  An ufetubus (D:7)
  2 adder skeletons (D:4)
  A worm (D:4)
  3 dart slugs (D:1)
  19 orcs
  9 endoplasms
  5 giant cockroaches
  4 goblins
  10 hobgoblins
  2 jackals (D:4)
  10 kobolds
  4 quokkas
  6 ball pythons
  5 bats
  7 frilled lizards
  5 rats
172 creatures vanquished.

Vanquished Creatures (others)
  A fungus (D:1)
1 creature vanquished.

Grand Total: 173 creatures vanquished
